[Event "Early-Titled-Tuesday-Blitz-September-05-2023"]
[Site "Chess.com"]
[Date "2023.09.05"]
[Round "2"]
[White "Kazmin_Semyon"]
[Black "Yuruultei"]
[Result "1-0"]
[WhiteElo "2541"]
[BlackElo "2358"]
[TimeControl "180+1"]
[EndTime "8:15:58 PDT"]
[Termination "Kazmin_Semyon won by resignation"]

1. c4 Nf6 2. Nc3 g6 3. e4 Bg7 4. d4 O-O 5. Be2 d6 6. h4 c5 7. d5 a6 8. h5 b5 9. h6 Bh8 10. cxb5 axb5 11. Bxb5 Nxe4 12. Nxe4 Qa5+ 13. Bd2 Qxb5 14.
Bc3 Bf5 15. Ng3 Bxc3+ 16. bxc3 Bd7 17. N1e2 Qc4 18. O-O Na6 19. Qd2 Nc7 20. Rfd1 Ra3 21. Qg5 f6 22. Qd2 Rfa8 23. Nf4 Rxa2 24. Rxa2 Rxa2 25.
Qe3 Kf7 26. Re1 e5 27. dxe6+ Nxe6 28. Ne4 Ra6 29. Nd2 Qa2 30. c4 d5 31. cxd5 Ra3 32. dxe6+ Ke7 33. Qxc5+ 1-0

[Event "Early-Titled-Tuesday-Blitz-September-05-2023"]
[Site "Chess.com"]
[Date "2023.09.05"]
[Round "2"]
[White "Diaschess88"]
[Black "rasmussvane"]
[Result "0-1"]
[WhiteElo "2635"]
[BlackElo "2965"]
[TimeControl "180+1"]
[EndTime "8:16:00 PDT"]
[Termination "rasmussvane won by resignation"]

1. e4 c6 2. d4 d5 3. Nc3 dxe4 4. Nxe4 Nf6 5. Nxf6+ exf6 6. Nf3 Bd6 7. Bd3 O-O 8. O-O Re8 9. h3 Nd7 10. c4 Nf8 11. Qb3 Ng6 12. Rd1 Re7 13. Be3 Be6 14. a4 Qd7 15. Bf1 Bf5 16. a5 Rae8 17. a6 bxa6 18.
Rxa6 Bf4 19. Bxf4 Nxf4 20. d5 cxd5 21. cxd5 Bxh3 22. Ra4 Ne2+ 23. Bxe2 Rxe2 0-1

[Event "Early-Titled-Tuesday-Blitz-September-05-2023"]
[Site "Chess.com"]
[Date "2023.09.05"]
[Round "2"]
[White "Witik"]
[Black "Firouzja2003"]
[Result "0-1"]
[WhiteElo "2683"]
[BlackElo "3129"]
[TimeControl "180+1"]
[EndTime "8:16:01 PDT"]
[Termination "Firouzja2003 won by checkmate"]

1. d4 Nf6 2. c4 g6 3. Nc3 Bg7 4. e4 d6 5. Nf3 O-O 6. Be2 e5 7.
O-O Na6 8. Be3 Bg4 9. d5 Nh5 10. Ne1 Bxe2 11. Qxe2 Nf4 12. Qd1 f5 13. f3 Nc5 14. b4 Nd7 15. Rc1 a5 16. a3 axb4 17. axb4 Ra3 18. Kh1 fxe4 19. fxe4 Nf6 20. Bg1 Qd7 21.
Nf3 Qg4 22. g3 Rxc3 23. Rxc3 Nxe4 24. Rc2 Qh3 25. gxf4 Ng3# 0-1

[Event "Early-Titled-Tuesday-Blitz-September-05-2023"]
[Site "Chess.com"]
[Date "2023.09.05"]
[Round "2"]
[White "Vladimir_Zakhartsov"]
[Black "Doomfist26"]
[Result "0-1"]
[WhiteElo "2880"]
[BlackElo "2615"]
[TimeControl "180+1"]
[EndTime "8:16:01 PDT"]
[Termination "Doomfist26 won by resignation"]

1. e4 e6 2. d4 d5 3. Nd2 Nc6 4. Ngf3 Nf6 5. e5 Nd7 6. Bb5 a6 7. Ba4 b5 8. Bb3 f6 9. exf6 Qxf6 10. c3 Bd6 11. Nf1 O-O 12. Ng3 Ne7 13. O-O c6 14.
Re1 e5 15. Ne4 Qg6 16. Nxd6 Qxd6 17. Nxe5 Nxe5 18. Rxe5 Ng6 19. Re1 Qf6 20. f3 Nh4 21. Bc2 Bh3 22. gxh3 Nxf3+ 23. Kh1 Nxe1 24. Qxe1 Qf3+ 25.
Kg1 Rae8 26. Be3 Rxe3 27. Qh4 g6 28. Re1 Re2 0-1

[Event "Early-Titled-Tuesday-Blitz-September-05-2023"]
[Site "Chess.com"]
[Date "2023.09.05"]
[Round "2"]
[White "isaak2009"]
[Black "Mops_2004"]
[Result "0-1"]
[WhiteElo "2563"]
[BlackElo "2822"]
[TimeControl "180+1"]
[EndTime "8:16:02 PDT"]
[Termination "Mops_2004 won on time"]

1. d4 g6 2. e4 Bg7 3. Nc3 d6 4.
g3 Nf6 5. Bg2 O-O 6. Nge2 e5 7.
O-O c6 8. a4 a5 9. h3 Na6 10.
Be3 Nb4 11. Qd2 d5 12. exd5 Nfxd5 13. Nxd5 Nxd5 14. dxe5 Bxe5 15. Bd4 Qf6 16. Bxe5 Qxe5 17. Bxd5 cxd5 18. h4 Qxb2 19. h5 Bg4 20. Nf4 Rac8 21. Nxd5 Rxc2 22. Qg5 Be6 23. Nf6+ Kg7 24. hxg6 Qxf6 0-1

[Event "Early-Titled-Tuesday-Blitz-September-05-2023"]
[Site "Chess.com"]
[Date "2023.09.05"]
[Round "2"]
[White "Hikaru"]
[Black "farzadbfd"]
[Result "1-0"]
[WhiteElo "3270"]
[BlackElo "2696"]
[TimeControl "180+1"]
[EndTime "8:16:07 PDT"]
[Termination "Hikaru won on time"]

1. a3 d5 2. b4 Nf6 3. Bb2 Bf5 4. e3 e6 5. c4 c6 6. Nf3 Be7 7. d3 h6 8. Nbd2 Nbd7 9. Be2 O-O 10. O-O a5 11. cxd5 cxd5 12. bxa5 Qxa5 13. a4 Rfc8 14. Nb3 Qa6 15. e4 Bg6 16. e5 Nh7 17. d4 Qb6 18. a5 Qd8 19. Bd3 Bh5 20. Qb1 Nhf8 21. Ne1 Nb8 22.
Bc1 Bg6 23. Bd2 Nc6 24. Bxg6 fxg6 25. Nd3 g5 26. Qd1 Ra7 27. Qg4 Qe8 28. f4 gxf4 29. Nxf4 Bg5 30. h4 Bxf4 31. Rxf4 Ng6 32. Rf3 Kh7 33.
Rg3 b5 34. axb6 Rb7 35. Nc5 Rf7 36. Qxg6+ 1-0

[Event "Early-Titled-Tuesday-Blitz-September-05-2023"]
[Site "Chess.com"]
[Date "2023.09.05"]
[Round "2"]
[White "ChEsper99"]
[Black "sergoy"]
[Result "0-1"]
[WhiteElo "2166"]
[BlackElo "2905"]
[TimeControl "180+1"]
[EndTime "8:16:07 PDT"]
[Termination "sergoy won on time"]

1. e4 c5 2. Nf3 d6 3. Bb5+ Nd7 4. a4 Nf6 5. Nc3 g6 6. a5 a6 7. Be2 Bg7 8. O-O O-O 9. d3 e6 10. Re1 Nb8 11. e5 Nd5 12. Ne4 dxe5 13. Nxc5 Nc6 14. Nb3 Qc7 15. Nfd2 Nf4 16. Bf3 Bd7 17. Nc4 Nb4 18.
Bd2 Nbd5 19. g3 Nh5 20. Bxh5 gxh5 21. Qxh5 f6 22. Re4 Be8 23. Qh3 f5 24. Re2 e4 25.
Bh6 Bb5 26. Bxg7 Qxg7 27. Nbd2 Nb4 28. Rc1 Nxc2 29. dxe4 Nd4 30. Re3 f4 31. Rd3 Ne2+ 32. Kg2 f3+ 33. Kh1 Nxc1 34. Qxe6+ Kh8 35. Rd5 Rae8 0-1

[Event "Early-Titled-Tuesday-Blitz-September-05-2023"]
[Site "Chess.com"]
[Date "2023.09.05"]
[Round "2"]
[White "onnoelgersma"]
[Black "EvgenyBurmakin"]
[Result "1-0"]
[WhiteElo "2594"]
[BlackElo "2292"]
[TimeControl "180+1"]
[EndTime "8:16:08 PDT"]
[Termination "onnoelgersma won by checkmate"]

1. c3 e5 2. d4 exd4 3. cxd4 Nf6 4. Nc3 d5 5. Bg5 Be7 6. e3 c6 7. Bd3 Bg4 8. Qc2 Nbd7 9. Nge2 O-O 10. h3 Bh5 11.
O-O Bg6 12. Rab1 Bxd3 13. Qxd3 Re8 14. Rfc1 Ne4 15. Bxe7 Qxe7 16. Nxe4 dxe4 17. Qc2 Nb6 18. b4 a6 19. a4 Nd5 20. b5 axb5 21. axb5 cxb5 22.
Rxb5 Qd7 23. Qb3 Red8 24. Ng3 Qe6 25. Rxb7 g6 26. Qc2 Re8 27. Qb1 h5 28. Rc5 h4 29. Nxe4 Nxe3 30. Ng5 Qf6 31. Rxf7 Qxd4 32. Qxg6+ Kh8 33. Qh7# 1-0

[Event "Early-Titled-Tuesday-Blitz-September-05-2023"]
[Site "Chess.com"]
[Date "2023.09.05"]
[Round "2"]
[White "sergiochess83"]
[Black "krstulov_alex"]
[Result "1/2-1/2"]
[WhiteElo "2940"]
[BlackElo "2633"]
[TimeControl "180+1"]
[EndTime "8:16:09 PDT"]
[Termination "Game drawn by agreement"]

1. d4 d5 2. c4 c6 3. Nf3 Nf6 4. Nc3 dxc4 5. a4 Bf5 6. Ne5 Nbd7 7.
Nxc4 Qc7 8. g3 e5 9. dxe5 Nxe5 10. Bf4 Nfd7 11. Bg2 f6 12. O-O g5 13. Nxe5 gxf4 14.
Nxd7 Qxd7 15. Qxd7+ Kxd7 16. gxf4 Rg8 17. Kh1 Bb4 18. Be4 Ke6 19. Bf3 Rad8 20. Ne4 Rd4 21. Ng3 Rxf4 22. Nxf5 Kxf5 23. b3 1/2-1/2

[Event "Early-Titled-Tuesday-Blitz-September-05-2023"]
[Site "Chess.com"]
[Date "2023.09.05"]
[Round "2"]
[White "CFalcons8"]
[Black "zverr1"]
[Result "0-1"]
[WhiteElo "2273"]
[BlackElo "2492"]
[TimeControl "180+1"]
[EndTime "8:16:09 PDT"]
[Termination "zverr1 won by resignation"]

1. e4 c5 2. Nf3 d6 3. d4 cxd4 4.
Nxd4 Nf6 5. Nc3 a6 6. f3 e5 7. Nb3 Be6 8. Be3 h5 9. Nd5 Bxd5 10. exd5 Nbd7 11. c4 g6 12. a4 Bh6 13. Bxh6 Rxh6 14. Qd2 Rh8 15. a5 Rc8 16. Bd3 Kf8 17. O-O Kg7 18. Qb4 Qc7 19. f4 e4 20. Be2 Nc5 21. Nxc5 Qxc5+ 22. Qxc5 Rxc5 23. b4 Rc7 24. Rac1 h4 25. Rfd1 Rb8 26. Kf2 Rbc8 27. Ke3 Kf8 28. Kd4 Ke7 29. c5 Nd7 30. cxd6+ Kxd6 31. Rxc7 Rxc7 32.
Kxe4 Rc2 33. Ke3 Rb2 34. Rd4 Nf6 35. Bf3 h3 36. gxh3 Rxh2 37. Rd1 Rxh3 38. Kf2 Rh2+ 39.
Bg2 Ng4+ 40. Kg3 Rxg2+ 0-1

[Event "Early-Titled-Tuesday-Blitz-September-05-2023"]
[Site "Chess.com"]
[Date "2023.09.05"]
[Round "2"]
[White "ChessQueen"]
[Black "Qvalda"]
[Result "1-0"]
[WhiteElo "2728"]
[BlackElo "2367"]
[TimeControl "180+1"]
[EndTime "8:16:10 PDT"]
[Termination "ChessQueen won on time"]

1. Nf3 Nf6 2. g3 b6 3. Bg2 Bb7 4. O-O g6 5. c4 Bg7 6. Nc3 O-O 7. d4 c5 8. d5 d6 9. e4 e6 10. Bg5 h6 11. Bd2 exd5 12. cxd5 Re8 13. Re1 Nbd7 14.
Qc1 Kh7 15. Bf4 Nb8 16. Nb5 Bf8 17. Qc2 a6 18. Nc3 Nbd7 19. e5 dxe5 20. Nxe5 Nxe5 21. Bxe5 Bg7 22. Rad1 Qd7 23. h3 b5 24. Bxf6 Bxf6 25. Ne4 Qf5 26. Nxf6+ Qxf6 27. Qxc5 Rac8 28. Qa7 Rxe1+ 29. Rxe1 Rc2 30. Rf1 Bc8 31. d6 Qxd6 32. Qxf7+ Kh8 33. Bd5 Qd8 34. Re1 1-0

[Event "Early-Titled-Tuesday-Blitz-September-05-2023"]
[Site "Chess.com"]
[Date "2023.09.05"]
[Round "2"]
[White "Russian_berezka"]
[Black "realburq"]
[Result "1-0"]
[WhiteElo "2554"]
[BlackElo "2390"]
[TimeControl "180+1"]
[EndTime "8:16:10 PDT"]
[Termination "Russian_berezka won by resignation"]

1. d4 Nf6 2. c4 e6 3. Nc3 Bb4 4. e3 O-O 5. Bd2 Re8 6. Qc2 c5 7. a3 cxd4 8. axb4 dxc3 9. Bxc3 d5 10. Nf3 Nbd7 11. c5 e5 12. Be2 d4 13. exd4 e4 14.
Nd2 Nd5 15. Nxe4 N7f6 16. Nxf6+ Qxf6 17. O-O Bf5 18. Bd3 Bxd3 19. Qxd3 Nf4 20. Qf3 Rad8 21. Rfe1 a6 22. d5 Qg5 23. d6 Ne6 24. Qg3 Qh6 25. Re3 f5 26. Qf3 f4 27. Re5 Ng5 28. Qd5+ Kh8 29. Rxg5 1-0

[Event "Early-Titled-Tuesday-Blitz-September-05-2023"]
[Site "Chess.com"]
[Date "2023.09.05"]
[Round "2"]
[White "CheckThis4"]
[Black "mishanick"]
[Result "0-1"]
[WhiteElo "2660"]
[BlackElo "3055"]
[TimeControl "180+1"]
[EndTime "8:16:12 PDT"]
[Termination "mishanick won on time"]

1. d4 Nf6 2. Bg5 d5 3. e3 c5 4. Bxf6 exf6 5. Nc3 Nc6 6. Nge2 Be6 7. g3 Qb6 8. Bg2 Qxb2 9. Rb1 Qa3 10. O-O O-O-O 11. Nb5 Qa5 12. c4 dxc4 13. Qc2 Nb4 14. Rxb4 cxb4 15.
d5 Qxb5 16. dxe6 fxe6 17. Nd4 Qa6 18. Qe4 e5 19. Ne6 Rd7 20. Bh3 Qc6 21. Qf5 c3 22. Rc1 a5 23. Bg2 Qc4 24. h4 h5 25. Bf1 Qg4 26. Bh3 Qxf5 27. Bxf5 g6 28. Bxg6 Rd2 29. Bf5 Kb8 30. a3 Bd6 31. axb4 Bxb4 32. Ng7 a4 33.
Be6 a3 34. Nf5 a2 0-1

[Event "Early-Titled-Tuesday-Blitz-September-05-2023"]
[Site "Chess.com"]
[Date "2023.09.05"]
[Round "2"]
[White "Sjakkerntobi"]
[Black "TigranHH"]
[Result "1-0"]
[WhiteElo "2481"]
[BlackElo "2238"]
[TimeControl "180+1"]
[EndTime "8:16:12 PDT"]
[Termination "Sjakkerntobi won by resignation"]

1. f4 d5 2. Nf3 Nf6 3. g3 g6 4.
Bg2 Bg7 5. O-O O-O 6. d3 c5 7. Nc3 Nc6 8. e4 dxe4 9. dxe4 Qxd1 10. Rxd1 Bg4 11. Be3 Rfd8 12. Bxc5 b6 13. Be3 Nb4 14. Rxd8+ Rxd8 15. Rc1 Nd7 16. Nd4 Nc5 17. e5 g5 18.
a3 Nba6 19. Nc6 Rd7 20. Nd5 e6 21. Nc3 gxf4 22. gxf4 Kf8 23. b4 Nb7 24. Nxa7 Rc7 25. Nab5 Rd7 26. Ne4 Nb8 27. Ned6 Nxd6 28. Nxd6 b5 29.
Nxb5 Bh6 30. Nd6 f6 31. Kf2 fxe5 32. fxe5 Bg7 33. Bf4 Ke7 34. c4 Ra7 35. Nc8+ 1-0

[Event "Early-Titled-Tuesday-Blitz-September-05-2023"]
[Site "Chess.com"]
[Date "2023.09.05"]
[Round "2"]
[White "SHIVACalypso"]
[Black "Doudou2015"]
[Result "1-0"]
[WhiteElo "2467"]
[BlackElo "2173"]
[TimeControl "180+1"]
[EndTime "8:16:13 PDT"]
[Termination "SHIVACalypso won by resignation"]

1. c4 e5 2. Nc3 Nf6 3. g3 d5 4.
cxd5 Nxd5 5. Bg2 Nxc3 6. bxc3 Bd6 7. d4 exd4 8. cxd4 O-O 9. Nf3 Nc6 10. O-O Re8 11.
Bb2 Bf5 12. Rc1 Qd7 13. Qb3 Rab8 14. Rfd1 Rxe2 15. Ne5 Bxe5 16. dxe5 Qe8 17. Bf3 Be6 18. Qc3 Rxb2 19. Qxb2 h6 20. Qa3 Nxe5 21. Rxc7 Nxf3+ 22. Qxf3 Qa4 23. Rdc1 Qxa2 24. Rxb7 Rxb7 25. Qxb7 Qd5 26. Qxd5 Bxd5 27. Ra1 Be6 28. Rxa7 g6 29. f4 Kg7 30. Kf2 h5 31. Ke3 Kf6 32. Kd4 Bh3 33. Ra6+ Kf5 34. Kd5 Bf1 35. Ra2 Be2 36. Rxe2 1-0

[Event "Early-Titled-Tuesday-Blitz-September-05-2023"]
[Site "Chess.com"]
[Date "2023.09.05"]
[Round "2"]
[White "Rgoltsman"]
[Black "stasOR4ik"]
[Result "0-1"]
[WhiteElo "2226"]
[BlackElo "2477"]
[TimeControl "180+1"]
[EndTime "8:16:17 PDT"]
[Termination "stasOR4ik won by resignation"]

1. b3 d5 2. Bb2 Nf6 3. e3 c5 4. f4 Nc6 5. Nf3 Bg4 6. Be2 e6 7.
O-O Be7 8. Qe1 O-O 9. Qg3 Bh5 10. d3 Re8 11. Nbd2 a5 12. a4 Nb4 13. Bd1 Rc8 14.
Rc1 Qb6 15. Ne5 Bxd1 16. Nd7 Qd8 17. Nxf6+ Bxf6 18. Bxf6 Qxf6 19. Rfxd1 Na2 20. Ra1 Nc3 21.
Re1 Ne2+ 22. Rxe2 Qxa1+ 23. Nf1 c4 24. bxc4 dxc4 25. d4 Qxa4 26. e4 c3 27. Ne3 Qxd4 28.
e5 a4 29. Kf1 a3 30. f5 a2 31. Re1 Ra8 32. f6 g6 33. Qg5 Qb4 34. Qh4 Qxh4 0-1

[Event "Early-Titled-Tuesday-Blitz-September-05-2023"]
[Site "Chess.com"]
[Date "2023.09.05"]
[Round "2"]
[White "renehp"]
[Black "Gyulamiryan-koryun"]
[Result "1-0"]
[WhiteElo "2444"]
[BlackElo "2066"]
[TimeControl "180+1"]
[EndTime "8:16:17 PDT"]
[Termination "renehp won on time"]

1. e4 e5 2. Nf3 Nc6 3. Bb5 a6 4. Ba4 Nf6 5. O-O Be7 6. Re1 b5 7. Bb3 O-O 8. a4 b4 9. d3 a5 10. h3 d6 11. Nbd2 Be6 12. Nc4 Qd7 13. Bg5 Nd4 14.
Nxd4 exd4 15. f4 h6 16. Bh4 Bxh3 17. gxh3 Qxh3 18. Bxf6 Qg3+ 19. Kf1 Qxf4+ 20. Ke2 Bxf6 21. Rg1 Qh2+ 22. Kf1 Qf4+ 23. Kg2 d5 24. Nd2 Ra6 25. Bxd5 Be5 26. Nf3 1-0

[Event "Early-Titled-Tuesday-Blitz-September-05-2023"]
[Site "Chess.com"]
[Date "2023.09.05"]
[Round "2"]
[White "MartinMatthiesen"]
[Black "Kapitan_Bayan"]
[Result "1-0"]
[WhiteElo "2477"]
[BlackElo "2202"]
[TimeControl "180+1"]
[EndTime "8:16:18 PDT"]
[Termination "MartinMatthiesen won by resignation"]

1. d4 d5 2. c4 dxc4 3. Nf3 Nf6 4.
e3 e6 5. Bxc4 c5 6. O-O a6 7. a4 Nc6 8. Qe2 Qc7 9. Nc3 Be7 10. d5 exd5 11. Nxd5 Nxd5 12. Bxd5 Be6 13. Bxe6 fxe6 14. Qc4 Qc8 15. Bd2 O-O 16. a5 Bf6 17. Bc3 Nb4 18. e4 Nc2 19. Bxf6 Nxa1 20. Bh4 Qc6 21.
Rxa1 Rf4 22. Re1 Raf8 23. Be7 R8f7 24. Bxc5 Rc7 25. b4 Rd7 26. h3 h6 27. Ne5 Qc7 28. Nxd7 Qxd7 29. Be3 1-0

[Event "Early-Titled-Tuesday-Blitz-September-05-2023"]
[Site "Chess.com"]
[Date "2023.09.05"]
[Round "2"]
[White "only_strong_moves"]
[Black "KorolDimitriy75"]
[Result "1-0"]
[WhiteElo "2521"]
[BlackElo "2329"]
[TimeControl "180+1"]
[EndTime "8:16:20 PDT"]
[Termination "only_strong_moves won on time"]

1. e4 c5 2. Nf3 d6 3. d4 cxd4 4. Nxd4 Nf6 5. Nc3 g6 6. f3 Bg7 7. Be3 O-O 8. Bd3 Nc6 9. Qd2 d5 10. exd5 Nxd5 11. Nxd5 Qxd5 12. Be4 Qe5 13. Nxc6 bxc6 14.
c3 Ba6 15. Bd4 Qa5 16. Bxg7 Kxg7 17. Kf2 Rab8 18. b4 Qc7 19. Qd4+ e5 20. Qc5 f5 21. Qxc6 Qxc6 22. Bxc6 Rfc8 23. Ba4 Rxc3 24. a3 Rd8 25. b5 Bb7 26. Rhd1 Rxd1 27. Rxd1 Kf6 28. Rd7 Bc8 29. Rxa7 Rxa3 30. b6 1-0

[Event "Early-Titled-Tuesday-Blitz-September-05-2023"]
[Site "Chess.com"]
[Date "2023.09.05"]
[Round "2"]
[White "Druid24"]
[Black "McCarthyStone"]
[Result "0-1"]
[WhiteElo "2643"]
[BlackElo "2429"]
[TimeControl "180+1"]
[EndTime "8:16:21 PDT"]
[Termination "McCarthyStone won by resignation"]

1. e4 e5 2. Nf3 d6 3. d4 exd4 4. Nxd4 Nf6 5. Nc3 g6 6. Be2 Bg7 7. Kf1 O-O 8. Be3 Re8 9. Bf3 Nbd7 10. g3 Nc5 11. e5 dxe5 12. Nc6 Bh3+ 13. Kg1 Qxd1+ 14.
Rxd1 e4 15. Bg2 Bg4 16. Re1 Ncd7 17. Nd4 Ne5 18. h3 Nf3+ 19. Nxf3 Bxf3 20. Kh2 Bxg2 21.
Kxg2 a6 22. Rd1 Rad8 23. Bf4 c6 24. Bc7 Rxd1 25. Rxd1 e3 26. fxe3 Rxe3 27. Bf4 Re8 28. a4 h6 29. a5 g5 30. Bc7 Bf8 31. Kf3 Bb4 32. Na4 Nd5 33. c3 Nxc7 34. cxb4 Nd5 35.
Rd4 Re3+ 36. Kf2 Rb3 37. Nc5 Rxb2+ 38. Kf3 Rxb4 39. Rd2 Rb5 40. Nd7 Rxa5 41. Ke4 Rb5 42. Ke5 Kg7 43. Kd6 a5 44. Rf2 a4 45. Ne5 f6 46. Nd7 a3 47. Ra2 Ra5 48. Nc5 Nc3 49.
Ra1 a2 50. Nxb7 Rb5 51. Re1 Rxb7 52. Kxc6 Rb1 0-1

[Event "Early-Titled-Tuesday-Blitz-September-05-2023"]
[Site "Chess.com"]
[Date "2023.09.05"]
[Round "2"]
[White "Chessbard1972"]
[Black "BahadirOzen"]
[Result "0-1"]
[WhiteElo "2556"]
[BlackElo "2809"]
[TimeControl "180+1"]
[EndTime "8:16:23 PDT"]
[Termination "BahadirOzen won by resignation"]

1. d4 d6 2. Nf3 Bg4 3. c4 Bxf3 4.
exf3 c6 5. f4 g6 6. Nc3 Bg7 7.
Be3 Nf6 8. Bd3 O-O 9. f5 d5 10. fxg6 hxg6 11. O-O dxc4 12. Bxc4 e6 13. Bg5 Nbd7 14.
Qd2 Re8 15. Rad1 Qa5 16. Bh6 Bxh6 17. Qxh6 Qh5 18. Qd2 Kg7 19. h3 Rad8 20. Rfe1 Qh4 21. Qe3 a6 22. Bb3 Rh8 23. Qf3 Rh5 24. Bc2 Qg5 25. Ne4 Nxe4 26. Rxe4 Rh4 27. Rde1 Rxe4 28. Bxe4 Nf6 29. Rd1 e5 30. d5 cxd5 31. Bxd5 e4 32. Qb3 Rxd5 33. Rxd5 Qxd5 34. Qa3 Qd1+ 35. Kh2 Qd2 36.
Kg1 Qe1+ 37. Kh2 Qxf2 38. Qb3 e3 39. Qxb7 e2 0-1

[Event "Early-Titled-Tuesday-Blitz-September-05-2023"]
[Site "Chess.com"]
[Date "2023.09.05"]
[Round "2"]
[White "Alexander_Donchenko"]
[Black "OlaaLa"]
[Result "1-0"]
[WhiteElo "2843"]
[BlackElo "2431"]
[TimeControl "180+1"]
[EndTime "8:16:23 PDT"]
[Termination "Alexander_Donchenko won by checkmate"]

1. d4 e6 2. c4 f5 3. g3 Be7 4. Bg2 Nf6 5. Bg5 O-O 6. Nc3 c6 7.
Nh3 d5 8. O-O h6 9. Bxf6 Bxf6 10. Nf4 Qe8 11. e3 Nd7 12. Qc2 dxc4 13. b3 cxb3 14. Qxb3 Nb6 15. a4 Kh7 16. h4 e5 17.
dxe5 Qxe5 18. Rac1 Nd7 19. h5 Re8 20. Qf7 Nf8 21.
Rfd1 Qe7 22. Qb3 Ne6 23. Nce2 Ng5 24. Nd4 Bxd4 25. exd4 Be6 26. Nxe6 Nxe6 27. d5 cxd5 28. Qxd5 Qf6 29. Qxb7 Rad8 30. Qxa7 f4 31. Rxd8 Rxd8 32. Qb6 fxg3 33. fxg3 Qd4+ 34. Qxd4 Nxd4 35. Ra1 Rd7 36.
a5 Ra7 37. a6 Kg8 38. Bb7 Nf5 39. Kg2 Nd6 40. Rb1 Kf7 41. Kf3 Kf6 42. Kf4 g5+ 43.
hxg6 Kxg6 44. Rb6 Kh5 45. Rxd6 Rxb7 46. g4+ Kh4 47. Rxh6# 1-0

[Event "Early-Titled-Tuesday-Blitz-September-05-2023"]
[Site "Chess.com"]
[Date "2023.09.05"]
[Round "2"]
[White "LileKoridze"]
[Black "DrDreBeats"]
[Result "0-1"]
[WhiteElo "2360"]
[BlackElo "2537"]
[TimeControl "180+1"]
[EndTime "8:16:24 PDT"]
[Termination "DrDreBeats won by resignation"]

1. d4 Nf6 2. c4 g6 3. Nc3 Bg7 4.
e4 O-O 5. Nf3 d6 6. Be2 e5 7.
O-O exd4 8. Nxd4 Nc6 9. Be3 Re8 10. f3 Nh5 11. Qd2 Nf4 12. Nxc6 Nxe2+ 13. Qxe2 bxc6 14. Rad1 Qh4 15. Bf2 Qg5 16. Be3 Qa5 17. Bd4 f5 18.
a3 Ba6 19. Rfe1 d5 20. Bxg7 Kxg7 21. Qd2 Qc5+ 22. Kh1 fxe4 23. fxe4 Bxc4 24. exd5 cxd5 25. h3 c6 26. Qf4 Bb3 27. Rf1 Qe7 28. Rde1 Qd7 29.
Qd4+ Kg8 30. Ne4 Rxe4 31. Qd1 Bxd1 0-1

[Event "Early-Titled-Tuesday-Blitz-September-05-2023"]
[Site "Chess.com"]
[Date "2023.09.05"]
[Round "2"]
[White "shimastream"]
[Black "WanderingPuppet"]
[Result "1-0"]
[WhiteElo "2960"]
[BlackElo "2631"]
[TimeControl "180+1"]
[EndTime "8:16:25 PDT"]
[Termination "shimastream won by resignation"]

1. b3 d5 2. Bb2 Nf6 3. Nf3 Bf5 4. g3 e6 5. Bg2 h6 6. O-O Be7 7.
d3 O-O 8. Nbd2 Bh7 9. Re1 c6 10. e4 a5 11. a3 Na6 12. Ne5 Nd7 13. Nxd7 Qxd7 14. Qg4 Bg6 15. h4 h5 16. Qe2 a4 17.
b4 Nc7 18. c4 dxe4 19. dxe4 c5 20. b5 Rad8 21. Nf3 Qd3 22. Qxd3 Rxd3 23. Ne5 Rb3 24.
Nxg6 fxg6 25. Be5 Ne8 26. Bh3 Bf6 27. Bxe6+ Kh7 28. Bxf6 Nxf6 29. e5 Ng4 30. Bxg4 hxg4 31. Ra2 Re8 32. Re4 g5 33. hxg5 Kg6 34. e6 Kxg5 35.
e7 Kf6 36. Rae2 Rxa3 37. Rf4+ 1-0

[Event "Early-Titled-Tuesday-Blitz-September-05-2023"]
[Site "Chess.com"]
[Date "2023.09.05"]
[Round "2"]
[White "H_E_D_G_E_H_O_G"]
[Black "Arifarsky"]
[Result "0-1"]
[WhiteElo "2051"]
[BlackElo "2698"]
[TimeControl "180+1"]
[EndTime "8:16:25 PDT"]
[Termination "Arifarsky won by checkmate"]

1. d4 Nf6 2. Nf3 e6 3. Bf4 b6 4. e3 Bb7 5. Nbd2 Be7 6. h4 O-O 7. Bd3 c5 8. c3 Nc6 9. h5 h6 10.
Qe2 d6 11. O-O-O Re8 12. Rhg1 Bf8 13. dxc5 e5 14. Bh2 e4 15. cxd6 exd3 16. Qxd3 Rc8 17. Kb1 Qd7 18. g4 Nxg4 19. Rxg4 Qxg4 20. d7 Red8 21.
dxc8=Q Bxc8 22. Qc2 Qxh5 23. Bc7 Re8 24. Nd4 Nxd4 25.
cxd4 Bf5 26. e4 Rxe4 27. Nxe4 Bxe4 28. Rd3 Qh1+ 29. Rd1 Qxd1# 0-1

[Event "Early-Titled-Tuesday-Blitz-September-05-2023"]
[Site "Chess.com"]
[Date "2023.09.05"]
[Round "2"]
[White "BilodeauA"]
[Black "karinachess1"]
[Result "1-0"]
[WhiteElo "2921"]
[BlackElo "2608"]
[TimeControl "180+1"]
[EndTime "8:16:27 PDT"]
[Termination "BilodeauA won by checkmate"]

1. d4 d6 2. Nc3 g6 3. e4 Bg7 4.
f4 a6 5. Nf3 b5 6. Bd3 Bb7 7. a4 b4 8. Ne2 c5 9. c3 Nd7 10. O-O Ngf6 11. e5 Ne4 12. Qc2 d5 13. Bxe4 dxe4 14. Ng5 Qb6 15. Be3 b3 16. Qd2 O-O 17. a5 Qc6 18. Rad1 e6 19. Ng3 f5 20.
exf6 Nxf6 21. dxc5 Rfd8 22. Qxd8+ Rxd8 23. Rxd8+ Bf8 24. Rfd1 Nd5 25. N3xe4 h6 26. Nf3 Nxe3 27. Nf6+ Kf7 28. Ne5+ Kxf6 29. Rxf8+ Ke7 30. Nxg6# 1-0

[Event "Early-Titled-Tuesday-Blitz-September-05-2023"]
[Site "Chess.com"]
[Date "2023.09.05"]
[Round "2"]
[White "frequentblunders"]
[Black "Duong57"]
[Result "0-1"]
[WhiteElo "2093"]
[BlackElo "2448"]
[TimeControl "180+1"]
[EndTime "8:16:28 PDT"]
[Termination "Duong57 won by resignation"]

1. Nf3 d5 2. g3 Bg4 3. Bg2 Nd7 4. O-O c6 5. c4 e6 6. d4 Ngf6 7. cxd5 exd5 8. Nc3 Bd6 9. h3 Bh5 10. a3 O-O 11. b4 a6 12. Bf4 Bxf4 13. gxf4 Re8 14. e3 Ne4 15. Qb3 Bxf3 16. Bxf3 Nd2 17.
Qd1 Nxf1 18. Qxf1 f5 19. Kh2 Qh4 20. Qg2 Re6 21. Ne2 Nf6 22. Ng3 Ne4 23. Nxf5 Qf6 24. Ng3 Nxg3 25. Qxg3 Rf8 26. Rg1 Qf7 27. Bh5 Qe7 28. f5 Ref6 29. Bg4 Kh8 30. Qe5 Qf7 31. Rg2 h5 32. Be2 Rxf5 33. Qg3 Rxf2 34. Bd3 Rxg2+ 35. Kxg2 Qf6 0-1

[Event "Early-Titled-Tuesday-Blitz-September-05-2023"]
[Site "Chess.com"]
[Date "2023.09.05"]
[Round "2"]
[White "AsadliVugar"]
[Black "AleksanderHnydiuk"]
[Result "1-0"]
[WhiteElo "2793"]
[BlackElo "2508"]
[TimeControl "180+1"]
[EndTime "8:16:30 PDT"]
[Termination "AsadliVugar won on time"]

1. e4 c5 2. Nf3 e6 3. d4 cxd4 4. Nxd4 Nc6 5. Nc3 a6 6. Nxc6 bxc6 7. Bd3 d5 8. O-O Nf6 9. Qe2 Be7 10. b3 O-O 11. Bb2 Bb7 12. Rad1 Qc7 13. e5 Nd7 14. Na4 c5 15. c4 d4 16. Rfe1 Nb6 17. Nxb6 Qxb6 18.
Bc1 a5 19. Bc2 a4 20. Rd3 f5 21. exf6 Rxf6 22. Rh3 h6 23. Qg4 Kf8 24. Bg5 axb3 25. Rxb3 Qa5 26. Reb1 hxg5 27. Rh3 Rh6 28. Rxh6 gxh6 29.
Qxe6 Ra6 30. Qe5 Rb6 31. Re1 Bf6 32. Qe8+ Kg7 33. Qg6+ 1-0

[Event "Early-Titled-Tuesday-Blitz-September-05-2023"]
[Site "Chess.com"]
[Date "2023.09.05"]
[Round "2"]
[White "HeinichessPY"]
[Black "Logman74"]
[Result "0-1"]
[WhiteElo "2201"]
[BlackElo "2472"]
[TimeControl "180+1"]
[EndTime "8:16:30 PDT"]
[Termination "Logman74 won on time"]

1. e4 c5 2. Nf3 d6 3. d4 cxd4 4. Qxd4 a6 5. c4 Nf6 6. Nc3 Nc6 7. Qd2 g6 8. b3 Bg7 9. Bb2 Bg4 10. Be2 O-O 11.
O-O Rb8 12. Nd5 Nxe4 13. Qc2 Bxf3 14. Bxg7 Kxg7 15. Bxf3 Nf6 16. Nxf6 exf6 17. Bxc6 bxc6 18. Rad1 d5 19. cxd5 cxd5 20. Rd4 Re8 21. Rfd1 Rb5 22. h3 Re5 23. Qd3 Qe7 24. a4 Re1+ 25. Rxe1 Qxe1+ 26. Kh2 Rxb3 27. Qxb3 Qe5+ 28. Kg1 Qxd4 29. a5 Qc4 0-1